 Dungeon Crawl Stone Soup version 0.18.0-2-g198d6d4 (webtiles) character file.

238954 imoen the Brawler (level 19, -1/201 HPs)
             Began as a Troll Berserker on May 5, 2016.
             Was a High Priest of Trog.
             Slain by a vault warden
             ... wielding a +0 glaive
              (53 damage)
             ... on level 2 of the Vaults.
             The game lasted 01:44:22 (32689 turns).

imoen the Brawler (Troll Berserker)                Turns: 32689, Time: 01:44:23

Health: -1/201     AC: 20    Str: 34    XL:     19   Next: 1%
Magic:  27/27      EV:  7    Int:  5    God:    Trog [*****.]
Gold:   1596       SH: 23    Dex: 17    Spells: 0 memorised, 18 levels left

rFire  + . .     SeeInvis +       - Unarmed
rCold  + . .     Gourm    +     U - +0 gold dragon armour
rNeg   . . .     Faith    .     l - +0 large shield
rPois  +         Spirit   .     (helmet restricted)
rElec  +         Dismiss  .     o - +1 cloak {MR+}
rCorr  .         Reflect  .     (gloves unavailable)
SustAt +         Harm     .     (boots unavailable)
MR     +++++                    i - amulet of regeneration
Stlth  ..........               w - ring of Tiutsah {MR+ MP+9 Str+4 SInv}
                                I - ring of the Republic {SustAt rElec rPois Dex+4 Stlth+}

@: regenerating, almost entirely resistant to hostile enchantments, extremely
unstealthy
A: unfitting armour, claws 3, fast metabolism 3, gourmand, magic resistance 1,
regeneration 2, shaggy fur 1, tough skin 2
a: Berserk, Trog's Hand, Brothers in Arms, Burn Spellbooks, Renounce Religion
}: 1/15 runes: serpentine


You were on level 2 of the Vaults.
You worshipped Trog.
Trog was extremely pleased with you.
You were very full.

You visited 6 branches of the dungeon, and saw 32 of its levels.

You collected 4015 gold pieces.
You spent 2419 gold pieces at shops.

Inventory:

Hand Weapons
 L - a +9 blowgun
   (You found it on level 5 of the Lair of Beasts)
Missiles
 r - 5 needles of paralysis
 s - 2 needles of confusion
 C - 6 javelins
 E - 7 tomahawks of returning
 N - 2 steel tomahawks
 P - 3 throwing nets
 R - 7 curare-tipped needles
 V - 33 large rocks (quivered)
 X - 3 tomahawks of dispersal
 Z - 11 javelins of penetration
Armour
 l - a +0 large shield (worn)
   (You found it on level 5 of the Lair of Beasts)
 o - a +1 cloak of magic resistance (worn)
   (You acquired it on level 3 of the Snake Pit)
 S - a +2 troll leather armour
   (You found it on level 9 of the Dungeon)
 U - a +0 gold dragon armour (worn)
   (You acquired it on level 1 of the Vaults)
Jewellery
 e - the ring of Beogh's Regard {MR++ Str+2}
   (You bought it in a shop on level 2 of the Orcish Mines)

   [ring of strength]

   It affects your strength (+2).
   It affects your resistance to hostile enchantments.
 h - an uncursed ring of protection from cold
   (You bought it in a shop on level 2 of the Orcish Mines)
 i - an amulet of regeneration (around neck)
   (You bought it in a shop on level 2 of the Orcish Mines)
 w - the ring of Tiutsah (right claw) {MR+ MP+9 Str+4 SInv}
   (You bought it in a shop on level 2 of the Orcish Mines)

   [ring of protection from magic]

   It affects your strength (+4).
   It affects your resistance to hostile enchantments.
   It affects your magic capacity (+9).
   It lets you see invisible.
 I - the ring of the Republic (left claw) {SustAt rElec rPois Dex+4 Stlth+}
   (You took it off a naga sharpshooter on level 3 of the Snake Pit)

   [ring of sustain attributes]

   It sustains your strength, intelligence and dexterity.
   It affects your dexterity (+4).
   It insulates you from electricity.
   It protects you from poison.
   It makes you more stealthy.
Wands
 u - a wand of paralysis (12/24)
   (You found it on level 11 of the Dungeon)
 G - a wand of digging (22/24)
   (You found it on level 7 of the Lair of Beasts)
 H - a wand of lightning (4/15)
   (You found it on level 5 of the Lair of Beasts)
 J - a wand of iceblast (14/15)
   (You found it on level 8 of the Dungeon)
Scrolls
 k - 13 scrolls of remove curse
 n - 4 scrolls of recharging
 y - 3 scrolls of magic mapping
 B - 3 scrolls of immolation
 F - 6 scrolls of fog
 O - 2 scrolls of blinking
 W - 2 scrolls of identify
Potions
 a - 2 potions of ambrosia
 d - a potion of cure mutation
 g - 5 potions of brilliance
 j - 5 potions of agility
 p - 2 potions of flight
 q - 7 potions of heal wounds
 t - 4 potions of might
 x - 9 potions of curing
 z - a potion of resistance
 D - 3 potions of lignification
 Q - 6 potions of haste
 T - a potion of cancellation
Books
 v - a Grand Grimoire
   (You found it on level 14 of the Dungeon)
Miscellaneous
 c - a sack of spiders {used: 5}
   (You found it on level 2 of the Snake Pit)
 m - a phial of floods
   (You found it on level 15 of the Dungeon)
 Y - a lamp of fire
   (You found it on level 10 of the Dungeon)
Comestibles
 b - 21 bread rations {@e1}
 f - 5 beef jerkies
 A - 44 fruits
 M - 7 royal jellies


   Skills:
 - Level 15.0 Fighting
 + Level 11.8 Throwing
 - Level 5.3 Armour
 - Level 6.8 Dodging
 - Level 15.0 Shields
 - Level 18.0 Unarmed Combat


You had 18 spell levels left.
You didn't know any spells.

Dungeon Overview and Level Annotations

Branches:
Dungeon (15/15)            Temple (0/1) D:5            Lair (8/8) D:9
 Shoals (0/4) Lair:6        Snake (4/4) Lair:4        Slime (0/6) Lair:6
    Orc (2/2) D:12            Elf (0/3) Orc:2        Vaults (2/5) D:14
 Depths (1/5) D:15
  Crypt: Vaults:2-3

Altars:
Dithmenos
Elyvilon
Fedhas
Makhleb
Nemelex Xobeh
Okawaru
Pakellas
Qazlal
Ru
Sif Muna
Trog
Vehumet
Yredelemnul
Zin
The Shining One
Beogh

Shops:
D:4 %   Orc:2 (=!(

Portals:
Trove: D:14 (give 20 scrolls of identify)


Innate Abilities, Weirdness & Mutations

You are too large for most types of armour.
You have claws for hands.
Your metabolism is lightning-fast.
You like to eat raw meat.
You heal very quickly.
You are covered in fur (AC +1).
You have very tough skin (AC +2).
You are resistant to hostile enchantments.


Message History

You take 24 damage, and have 114/193 hp.
You scratch the ironheart preserver.
The ironheart preserver gestures wildly while chanting.
The ironheart preserver is healed somewhat.
You claw the ironheart preserver!
The vault warden hits you with a glaive!!
* * * LOW HITPOINT WARNING * * *
You block the ironheart preserver's attack.
You take 34 damage, and have 81/193 hp.
You are too injured to fight recklessly!
Okay, then.
Your skin crawls.
You feel resistant to hostile enchantments.
You feel slightly less full.
You block the ironheart preserver's attack.
The vault warden activates a sealing rune.
A door slams shut!
You regained 3 hp, and now have 84/193 hp.
You scratch the vault warden but do no damage.
Unknown command.
You mangle the vault warden!!
The vault warden hits you with a glaive!
* * * LOW HITPOINT WARNING * * *
The ironheart preserver casts a spell.
The ironheart preserver is healed somewhat.
You take 6 damage, and have 79/193 hp.
Unknown command.
The ironheart preserver mumbles some strange words.
The ironheart preserver is healed somewhat.
You block the vault warden's attack.
You regained 2 hp, and now have 81/193 hp.
Unknown command.
You regained 2 hp, and now have 83/193 hp.
The vault warden activates a sealing rune.
You regained 2 hp, and now have 85/193 hp.
Unknown command.
You regained 3 hp, and now have 88/193 hp.
You regained 2 hp, and now have 90/193 hp.
You regained 2 hp, and now have 92/193 hp.
You regained 2 hp, and now have 94/193 hp.
Aim: a vault warden, wielding a glaive and wearing a chain mail (lightly wounded)
You throw a large rock. The large rock hits the vault warden!
The ironbrand convoker casts a spell at the vault warden.
The vault warden seems to grow stronger.
The vault warden hits you from afar with a glaive!!
* * * LOW HITPOINT WARNING * * *
You take 23 damage, and have 71/193 hp.
Unknown command.
Your hill giant goes berserk!
You feel somewhat less full.
The ironheart preserver barely misses you.
You block the vault warden's attack.
You regained 3 hp, and now have 74/193 hp.
Your iron troll goes berserk!
You feel somewhat less full.
You block the ironheart preserver's attack.
Your hill giant hits the ironheart preserver with a giant club!!!
The vault guard hits your iron troll with a dire flail!
You regained 2 hp, and now have 76/193 hp.
The vault guard hits your hill giant with a long sword!!
Your hill giant barely misses the ironheart preserver.
The ironbrand convoker gestures at the vault guard while chanting.
The vault guard seems to grow stronger.
The ironheart preserver hits your iron troll but does no damage.
Your iron troll bites the ironheart preserver!!
The ironheart preserver dies!
Trog accepts your kill.
Trog appreciates your killing of a magic user.
You have reached level 19!
You regained 5 hp, and now have 81/201 hp.
MP restored: 27 What do you say? t - Shout!
Orders for allies: a - Attack new target. p - Attack previous target. r - Retreat! s - Stop attacking. w - Wait here. f - Follow me.
Anything else - Stay silent.
Gang up on whom?
Aim: a vault warden, wielding a glaive and wearing a chain mail (moderately wounded, unusually strong) Attack!
Your hill giant hits the vault guard with a giant club!!
The vault guard hits your iron troll with a broad axe!
The ironbrand convoker begins to recite a word of recall!
Your iron troll barely misses the vault guard.
Your iron troll claws the vault guard.
Your iron troll claws the vault guard!!
You regained 3 hp, and now have 84/201 hp.
The vault warden hits you from afar with a glaive!!!
* * * LOW HITPOINT WARNING * * *
Your iron troll bites the vault guard!!!
Your iron troll claws the vault guard!
The vault guard dies!
Trog accepts your kill.
The vault guard hits your iron troll with a dire flail!!
You take 34 damage, and have 50/201 hp.
Unknown command.
Unknown command.
You feel the effects of Trog's Hand fading.
Your hill giant closely misses the vault guard.
The vault warden hits you from afar with a glaive!!!
You die...

.....# #......#
...### #......# ...#
#....p.#
'############......#
............#..(...#
............#......#
............#ppC...#
............#.T)p..#
............+...@..#
............########
#########+###


You could see a vault warden, 2 vault guards, an ironbrand convoker, a friendly
iron troll (berserk) and a friendly hill giant (berserk).

Vanquished Creatures
  Vashnia (Snake:3)
  A lich (Depths:1)
  The ghost of Wooh the Slayer, an adept DrFi of Trog (Snake:2)
  A sphinx (Vaults:2)
  8 greater nagas
  2 vault wardens
  A frost giant (Depths:1)
  The ghost of Rekenzichi the Cleaver, a journeyman DsFi of Yredelemnul (Snake:4)
  2 very ugly things (Depths:1)
  3 ironheart preservers
  A stone giant (Vaults:2)
  A salamander stormcaller (D:14)
  A dire elephant (Lair:3)
  Azrael (D:12)
  An ettin (D:15)
  3 fire dragons
  Josephine (D:10)
  A great orb of eyes (Depths:1)
  2 ice dragons
  7 vault guards
  4 hydras
  2 rakshasas
  17 naga warriors
  A ghost crab (shapeshifter) (Vaults:2)
  9 centaur warriors
  8 anacondas
  5 death yaks
  3 tengu warriors
  10 ogre magi
  20 naga sharpshooters
  6 shock serpents
  3 salamander mystics
  A shadow wraith (Vaults:2)
  7 sea snakes (Snake:4)
  4 unseen horrors
  6 naga ritualists
  A deep elf archer (Vaults:2)
  A wolf spider zombie (D:15)
  8 hill giants
  A necromancer (Vaults:1)
  3 orc knights
  5 wizards (D:10)
  A lindwurm (Lair:8)
  3 wolf spiders
  10 harpies (Vaults:2)
  2 ironbrand convokers (Vaults:1)
  An oklob plant (Lair:8)
  7 mana vipers
  2 deep elf magi
  18 ugly things
  An orc sorcerer (Orc:2)
  A stone giant zombie (Vaults:1)
  2 griffons
  A manticore (D:13)
  21 slime creatures
  12 salamanders
  3 cyclopes
  An octopode (shapeshifter) (D:15)
  17 elephants
  4 centaur zombies
  Joseph (D:8)
  2 sirens (Lair:6)
  5 torpor snails (Lair:8)
  A black mamba (shapeshifter) (D:15)
  An ice statue (Lair:5)
  24 naga magi
  53 black mambas
  5 guardian serpents
  A vault sentinel (Vaults:2)
  2 centaur skeletons
  9 spiny frogs
  A rime drake (shapeshifter) (D:13)
  A human zombie (Vaults:1)
  3 yaktaurs
  2 freezing wraiths
  7 komodo dragons
  4 rime drakes
  3 ice devils
  2 tengu conjurers (D:15)
  2 merfolk (Lair:6)
  A spriggan druid (Lair:4)
  4 polar bears
  6 trolls
  5 giant leeches (Lair:8)
  A queen bee (Lair:8)
  23 two-headed ogres
  21 blink frogs
  A boulder beetle (Lair:6)
  2 shadows
  6 wraiths
  59 yaks
  A fire elemental (D:12)
  A human (D:8)
  A vampire (D:11)
  12 basilisks
  4 hippogriffs
  13 vampire mosquitoes
  3 hungry ghosts
  The ghost of ThereIsNoGod the Covert, an amateur OpAs (D:3)
  2 wargs
  70 nagas
  A soldier ant (D:13)
  Duvessa (D:7)
  2 hell hounds
  13 porcupines
  24 water moccasins
  A swamp drake (Lair:6)
  18 orc warriors
  12 ice beasts
  A sky beast (D:6)
  2 black bears
  3 phantoms
  5 wasps
  5 boggarts
  18 centaurs
  61 ogres
  2 human skeletons (Vaults:1)
  A necrophage (D:7)
  8 wolves
  13 crocodiles
  A gnoll sergeant (D:11)
  23 giant frogs
  A wyvern zombie (D:14)
  3 wyvern skeletons
  Dowan (D:7)
  A water moccasin skeleton (D:4)
  8 scorpions
  A human simulacrum (Vaults:1)
  33 killer bees
  2 howler monkeys (D:4)
  8 wights
  18 electric eels
  5 giant frog zombies
  7 crimson imps
  9 jellies
  10 orc priests
  9 hounds
  21 orc wizards
  9 iguanas
  6 worker ants
  7 hell rats
  8 sheep
  2 hound zombies
  A hound skeleton (D:5)
  A worker ant zombie (D:6)
  A howler monkey zombie (D:11)
  5 gnolls (D:11)
  10 adders
  43 river rats
  3 white imps (Lair:5)
  4 oozes (Lair:6)
  4 adder skeletons
  15 worms (Lair:8)
  5 dart slugs
  7 giant geckos
  88 orcs
  A ball python (Snake:4)
  9 bats
  9 giant cockroaches
  3 goblins
  4 hobgoblins
  3 jackals (D:9)
  8 quokkas
  A ball python skeleton (D:5)
  8 giant newts
  5 kobolds
  8 rats
  2 fungi
  A plant (Lair:7)
1271 creatures vanquished.

Vanquished Creatures (collateral kills)
  A greater naga (Snake:3)
  Aizul (Snake:4)
  An ironheart preserver (Vaults:2)
  Nessos (Lair:7)
  A dire elephant (Lair:3)
  A vault guard (Vaults:2)
  An anaconda (Snake:3)
  2 hydras
  2 ogre magi (Orc:2)
  4 death yaks (Lair:8)
  A shock serpent (Snake:4)
  A naga sharpshooter (Snake:3)
  A salamander mystic (Snake:4)
  A sea snake (Snake:4)
  A naga ritualist (Snake:3)
  A lindwurm (Lair:8)
  A manticore (D:12)
  A salamander (Snake:4)
  A guardian serpent (Snake:3)
  6 black mambas
  A komodo dragon (Lair:8)
  A polar bear (Lair:4)
  A giant leech (Lair:8)
  2 two-headed ogres (Orc:2)
  4 blink frogs
  3 yaks (Lair:5)
  2 spriggans (Lair:2)
  8 nagas
  A hell hound (D:12)
  A water moccasin (Snake:4)
  An ice beast (Lair:5)
  4 ogres (Orc:2)
  An adder (D:12)
  2 worms (Lair:8)
  A ball python (Snake:4)
63 creatures vanquished.

Vanquished Creatures (others)
  An anubis guard (shapeshifter) (Vaults:2)
  A warg (Vaults:2)
  2 centaurs (Vaults:2)
  A shadow imp (D:14)
  An orc (Vaults:2)
  10 fungi
  37 plants
  11 toadstools (Lair:3)
64 creatures vanquished.

Grand Total: 1398 creatures vanquished

Notes
Turn   | Place    | Note
--------------------------------------------------------------
     0 | D:1      | imoen the Troll Berserker began the quest for the Orb.
     0 | D:1      | Reached XP level 1. HP: 22/22 MP: 0/0
   122 | D:1      | Reached XP level 2. HP: 29/29 MP: 1/1
   468 | D:1      | Reached skill level 4 in Unarmed Combat
   560 | D:2      | Reached ** piety under Trog
   579 | D:2      | Reached XP level 3. HP: 33/36 MP: 2/2
   818 | D:2      | Found an iron altar of Okawaru.
  1207 | D:3      | Noticed ThereIsNoGod's ghost (amateur OpAs)
  1216 | D:3      | Killed ThereIsNoGod's ghost
  1216 | D:3      | Reached skill level 6 in Unarmed Combat
  1216 | D:3      | Reached XP level 4. HP: 44/44 MP: 3/3
  1216 | D:3      | Reached XP level 5. HP: 50/50 MP: 4/4
  1287 | D:3      | Reached *** piety under Trog
  1566 | D:3      | Found a burning altar of Makhleb.
  1569 | D:3      | Found a radiant altar of Vehumet.
  1795 | D:4      | Found Taru's Food Emporium.
  1803 | D:4      | Reached skill level 7 in Unarmed Combat
  1803 | D:4      | Reached XP level 6. HP: 57/59 MP: 5/5
  1829 | D:4      | Found a deep blue altar of Sif Muna.
  1878 | D:4      | Found a white marble altar of Elyvilon.
  1951 | D:4      | Found a basalt altar of Yredelemnul.
  2188 | D:4      | Found a sacrificial altar of Ru.
  2330 | D:4      | Reached skill level 8 in Unarmed Combat
  2330 | D:4      | Reached XP level 7. HP: 66/66 MP: 6/6
  2376 | D:5      | Entered Level 5 of the Dungeon
  2467 | D:5      | Reached skill level 9 in Unarmed Combat
  2577 | D:5      | Found a staircase to the Ecumenical Temple.
  2665 | D:5      | Reached **** piety under Trog
  2810 | D:5      | Found a shadowy altar of Dithmenos.
  3157 | D:5      | Reached XP level 8. HP: 54/74 MP: 7/7
  3329 | D:6      | Reached skill level 10 in Unarmed Combat
  3330 | D:6      | Found a blossoming altar of Fedhas.
  3447 | D:6      | Reached skill level 1 in Throwing
  3493 | D:6      | Reached skill level 3 in Fighting
  3507 | D:6      | Reached skill level 2 in Throwing
  3512 | D:6      | Gained mutation: You are resistant to hostile enchantments. [mutagenic meat]
  3791 | D:7      | Noticed Dowan
  3793 | D:7      | Noticed Duvessa
  3803 | D:7      | Killed Duvessa
  3803 | D:7      | Reached skill level 3 in Throwing
  3812 | D:7      | Killed Dowan
  3812 | D:7      | Reached skill level 4 in Fighting
  3812 | D:7      | Reached XP level 9. HP: 84/84 MP: 8/8
  3922 | D:7      | Found a glowing golden altar of the Shining One.
  4270 | D:7      | Reached skill level 4 in Throwing
  4541 | D:8      | Reached skill level 5 in Fighting
  4642 | D:8      | Reached skill level 5 in Throwing
  4648 | D:8      | Noticed Joseph
  4662 | D:7      | Upgraded the game from 0.18.0-1-g0107ab7 to 0.18.0-2-g198d6d4
  4707 | D:8      | Killed Joseph
  4764 | D:8      | Reached skill level 6 in Fighting
  4991 | D:8      | Found a glowing silver altar of Zin.
  5005 | D:8      | Found a stormy altar of Qazlal.
  5088 | D:8      | Reached skill level 6 in Throwing
  5353 | D:9      | Found an oddly glowing altar of Pakellas.
  5354 | D:9      | Found a shadowy altar of Dithmenos.
  5379 | D:9      | Reached ***** piety under Trog
  5394 | D:9      | Reached XP level 10. HP: 100/100 MP: 9/9
  5400 | D:9      | Found a staircase to the Lair.
  5543 | D:9      | Found a sparkling altar of Nemelex Xobeh.
  5760 | D:9      | Found a bloodstained altar of Trog.
  5774 | D:9      | Noticed a hill giant
  5780 | D:9      | Killed a hill giant
  5780 | D:9      | Reached skill level 7 in Fighting
  5780 | D:9      | Reached skill level 7 in Throwing
  6158 | D:10     | Entered Level 10 of the Dungeon
  6539 | D:10     | Noticed Josephine
  6548 | D:10     | Killed Josephine
  6548 | D:10     | Reached skill level 8 in Fighting
  6548 | D:10     | Reached skill level 8 in Throwing
  6557 | D:10     | HP: 23/104 [wraith[Josephine] (6)]
  6562 | D:10     | HP: 19/104 [wraith[Josephine] (9)]
  6777 | D:10     | Received a gift from Trog
  6865 | D:10     | Noticed a wizard
  6878 | D:10     | Killed a wizard
  6878 | D:10     | Reached skill level 11 in Unarmed Combat
  6893 | D:10     | Reached XP level 11. HP: 91/113 MP: 10/10
  6896 | D:10     | Noticed a wizard
  6920 | D:10     | Killed a wizard
  7024 | D:10     | Identified the Catalogue of Dogma
  7063 | D:10     | Noticed a wizard
  7107 | D:10     | Killed a wizard
  7193 | D:10     | Received a gift from Trog
  7317 | D:10     | Noticed a wizard
  7335 | D:10     | Killed a wizard
  7335 | D:10     | Reached skill level 12 in Unarmed Combat
  7392 | D:10     | Noticed a wizard
  7403 | D:10     | Killed a wizard
  7629 | D:10     | Found a roughly hewn altar of Beogh.
  8283 | D:11     | Reached skill level 13 in Unarmed Combat
  8285 | D:11     | Noticed a cyan ugly thing
  8300 | D:11     | Killed a cyan ugly thing
  8644 | D:11     | Reached ****** piety under Trog
  8753 | D:11     | Received a gift from Trog
  8953 | Lair:1   | Entered Level 1 of the Lair of Beasts
  9123 | Lair:1   | Reached skill level 14 in Unarmed Combat
  9416 | Lair:1   | Reached XP level 12. HP: 89/122 MP: 11/11
  9988 | Lair:2   | HP: 28/122 [yak (5)]
  9990 | Lair:2   | HP: 13/122 [yak (2)]
  9990 | Lair:2   | HP: 3/122 [yak (5)]
 10110 | Lair:2   | Reached skill level 15 in Unarmed Combat
 11251 | Lair:3   | Reached skill level 16 in Unarmed Combat
 11615 | Lair:3   | Received a gift from Trog
 11655 | Lair:3   | Noticed a dire elephant
 11655 | Lair:3   | Noticed a dire elephant
 11665 | Lair:3   | Killed a dire elephant
 11667 | Lair:3   | Killed a dire elephant
 12208 | Lair:4   | Noticed an eight-headed hydra
 12231 | Lair:4   | Killed an eight-headed hydra
 12436 | Lair:4   | Reached skill level 1 in Armour
 12458 | Lair:4   | Reached skill level 2 in Armour
 12529 | Lair:4   | Found a staircase to the Snake Pit.
 12568 | Lair:4   | Received a gift from Trog
 12719 | Lair:4   | Reached skill level 3 in Armour
 12763 | Lair:4   | Reached XP level 13. HP: 128/128 MP: 12/12
 12846 | Lair:4   | Reached skill level 4 in Armour
 13479 | Lair:5   | Reached skill level 5 in Armour
 13615 | Lair:5   | Reached skill level 3 in Dodging
 13782 | Lair:5   | Reached skill level 4 in Dodging
 14003 | Lair:5   | HP: 28/128 [ice beast[an ice statue] (11)]
 14091 | Lair:6   | Reached skill level 5 in Dodging
 14154 | Lair:6   | Found a staircase to the Slime Pits.
 14231 | Lair:6   | Found a staircase to the Shoals.
 14344 | Lair:6   | Reached skill level 6 in Dodging
 14455 | Lair:6   | Received a gift from Trog
 15019 | Lair:7   | Noticed Nessos
 15111 | Lair:7   | Reached skill level 1 in Shields
 15184 | Lair:7   | Killed Nessos
 15184 | Lair:7   | Reached skill level 2 in Shields
 15519 | Lair:7   | Reached skill level 3 in Shields
 15546 | Lair:7   | Reached skill level 4 in Shields
 15620 | Lair:7   | Reached skill level 5 in Shields
 15710 | Lair:7   | Reached XP level 14. HP: 107/137 MP: 13/13
 16038 | Lair:7   | Reached skill level 6 in Shields
 16230 | Lair:8   | Entered Level 8 of the Lair of Beasts
 16389 | Lair:8   | Received a gift from Trog
 16593 | Lair:8   | Reached skill level 7 in Shields
 16931 | Lair:8   | Reached skill level 8 in Shields
 17140 | Lair:8   | Found a runed door.
 17186 | Lair:8   | Received a gift from Trog
 17313 | Lair:8   | Reached skill level 9 in Shields
 18315 | Lair:8   | Reached skill level 10 in Shields
 18728 | D:12     | Received a gift from Trog
 19013 | D:12     | Found a staircase to the Orcish Mines.
 19034 | D:12     | Found a roughly hewn altar of Beogh.
 19072 | Orc:1    | Entered Level 1 of the Orcish Mines
 19371 | Orc:2    | Entered Level 2 of the Orcish Mines
 19794 | Orc:2    | Found a staircase to the Elven Halls.
 19919 | Orc:2    | Found Nynub's Weapon Shoppe.
 19920 | Orc:2    | Found Cocsarhe's Jewellery Boutique.
 19920 | Orc:2    | Found Posog's Weapon Emporium.
 19920 | Orc:2    | Found Ustrez's Distillery.
 19936 | Orc:2    | Reached XP level 15. HP: 144/144 MP: 14/14
 19941 | Orc:2    | Received a gift from Trog
 19941 | Orc:2    | Reached skill level 11 in Shields
 20124 | Orc:2    | Received a gift from Trog
 20293 | Orc:2    | Bought a potion of haste for 170 gold pieces
 20293 | Orc:2    | Bought a potion of lignification for 51 gold pieces
 20293 | Orc:2    | Bought a potion of cancellation for 136 gold pieces
 20293 | Orc:2    | Bought a potion of agility for 68 gold pieces
 20300 | Orc:2    | Bought an uncursed amulet of regeneration for 420 gold pieces
 20304 | Orc:2    | Bought the ring of Tiutsah {MR+ MP+9 Str+4 SInv} for 624 gold pieces
 20304 | Orc:2    | Bought an uncursed ring of protection from cold for 350 gold pieces
 20304 | Orc:2    | Bought the ring of Beogh's Regard {MR++ Str+2} for 320 gold pieces
 20304 | Orc:2    | Bought an uncursed ring of resist corrosion for 280 gold pieces
 20542 | D:12     | Noticed Azrael
 20555 | D:12     | Killed Azrael
 21261 | Lair:5   | Reached skill level 12 in Shields
 21663 | Snake:1  | Entered Level 1 of the Snake Pit
 22404 | Snake:2  | Reached skill level 13 in Shields
 22503 | Snake:2  | Noticed Wooh's ghost (adept DrFi)
 22534 | Snake:2  | Killed Wooh's ghost
 22609 | Snake:2  | You fall through a shaft!
 22618 | Snake:3  | Received a gift from Trog
 22715 | Snake:3  | Noticed Vashnia
 22899 | Snake:3  | Reached skill level 14 in Shields
 22976 | Snake:3  | Noticed a greater naga
 23144 | Snake:2  | Reached XP level 16. HP: 153/153 MP: 15/15
 23214 | Snake:2  | Received a gift from Trog
 23357 | Snake:2  | Received a gift from Trog
 23735 | Snake:3  | Reached skill level 15 in Shields
 24229 | Snake:3  | Reached skill level 17 in Unarmed Combat
 24649 | Snake:3  | Received a gift from Trog
 24780 | Snake:3  | Killed Vashnia
 24877 | Snake:3  | Got a pitted copper amulet
 24879 | Snake:3  | Identified the amulet "Hacwol" {Inacc Int+6} (You found it on level 3 of the Snake Pit)
 24896 | Snake:3  | Got an ancient granite ring
 24900 | Snake:3  | Identified the ring of the Republic {SustAt rElec rPois Dex+4 Stlth+} (You took it off a naga sharpshooter on level 3 of the Snake Pit)
 24907 | Snake:3  | Identified a scroll of acquirement
 25236 | Snake:4  | Entered Level 4 of the Snake Pit
 25247 | Snake:4  | Reached skill level 18 in Unarmed Combat
 25260 | Snake:4  | Noticed Rekenzichi's ghost (journeyman DsFi)
 25336 | Snake:4  | Killed Rekenzichi's ghost
 25449 | Snake:4  | Found a sacrificial altar of Ru.
 25464 | Snake:4  | Noticed Aizul
 25473 | Snake:4  | Killed Aizul
 25487 | Snake:4  | Reached skill level 9 in Fighting
 25663 | Snake:4  | Received a gift from Trog
 25710 | Snake:4  | Reached XP level 17. HP: 165/165 MP: 16/16
 25726 | Snake:4  | Reached skill level 10 in Fighting
 26219 | Snake:4  | Reached skill level 11 in Fighting
 26650 | Snake:4  | Received a gift from Trog
 26832 | Snake:4  | Reached skill level 12 in Fighting
 27076 | Snake:4  | Got a serpentine rune of Zot
 27698 | D:13     | Received a gift from Trog
 28546 | D:14     | Reached skill level 13 in Fighting
 28638 | D:14     | Found a portal to a secret trove of treasure.
 29029 | D:14     | Found a gate to the Vaults.
 29172 | D:15     | Entered Level 15 of the Dungeon
 29262 | D:15     | Received a gift from Trog
 29441 | D:15     | Reached XP level 18. HP: 139/187 MP: 17/17
 29596 | D:15     | Found a staircase to the Depths.
 29894 | Depths:1 | Entered Level 1 of the Depths
 30016 | Depths:1 | Reached skill level 14 in Fighting
 30161 | Depths:1 | Noticed a lich
 30170 | Depths:1 | Killed a lich
 30210 | Depths:1 | Received a gift from Trog
 30348 | Depths:1 | Received a gift from Trog
 30556 | Vaults:1 | Entered Level 1 of the Vaults
 30697 | Vaults:1 | Received a gift from Trog
 30761 | Vaults:1 | Reached skill level 15 in Fighting
 31019 | Vaults:1 | Reached skill level 9 in Throwing
 31732 | Vaults:1 | Reached skill level 10 in Throwing
 32005 | Vaults:2 | Received a gift from Trog
 32287 | Vaults:2 | Reached skill level 11 in Throwing
 32686 | Vaults:2 | Reached XP level 19. HP: 81/201 MP: 18/18
 32688 | Vaults:2 | HP: 50/201 [vault warden/glaive (36)]
 32689 | Vaults:2 | Slain by a vault warden

Skill      XL: |  1  2  3  4  5  6  7  8  9 10 11 12 13 14 15 16 17 18 |
---------------+-------------------------------------------------------+-----
Unarmed Combat | 4 6 7 8 9 10 11 14 16 18 | 18.0
Throwing       | 3 6 8 11 | 11.8
Fighting       | 4 6 8 9 13 15 | 15.0
Armour         | 3 5 |  5.3
Dodging        | 6 |  6.8
Shields        | 5 10 14 15 | 15.0

Action                   |  1- 3 |  4- 6 |  7- 9 | 10-12 | 13-15 | 16-18 | 19-21 || total
-------------------------+-------+-------+-------+-------+-------+-------+-------++-------
Melee: Unarmed           |   101 |    91 |   251 |   598 |  1411 |  1681 |       ||  4133
       Punch             |     1 |     1 |     8 |    35 |    60 |       |       ||   105
Throw: Tomahawk          |       |       |       |    25 |     9 |       |       ||    34
       Large rock        |       |       |       |    23 |    40 |    18 |       ||    81
Invok: Berserk           |     1 |     1 |     9 |    15 |    25 |    15 |       ||    66
       Burn Spellbooks   |       |       |       |     2 |     4 |     3 |       ||     9
       Brothers in Arms  |       |       |       |     4 |    11 |     6 |       ||    21
       Trog's Hand       |       |       |       |     1 |     5 |     5 |       ||    11
Evoke: Wand              |       |       |       |     1 |     4 |     7 |       ||    12
       Lamp of fire      |       |       |       |       |     3 |     2 |       ||     5
       Sack of spiders   |       |       |       |       |       |     5 |       ||     5
  Use: Scroll            |       |       |     6 |     9 |    21 |    21 |       ||    57
       Potion            |       |       |     1 |     5 |     4 |     2 |       ||    12
 Stab: Sleeping          |     1 |       |     2 |       |       |     8 |       ||    11
       Paralysed         |       |       |       |       |     1 |       |       ||     1
       Distracted        |       |       |       |       |     1 |     2 |       ||     3
  Eat: Chunk             |    10 |    12 |    43 |    87 |   111 |    98 |       ||   361
       Bread ration      |       |     1 |       |       |     1 |       |       ||     2
       Royal jelly       |       |       |       |       |     3 |     4 |       ||     7
       Pizza             |       |       |       |       |     1 |     1 |       ||     2
Armor: Animal skin       |    32 |    44 |    65 |    65 |       |       |       ||   206
       Troll leather arm |       |       |       |   129 |   324 |   171 |       ||   624
       Robe              |       |       |       |       |     1 |       |       ||     1
       Gold dragon armou |       |       |       |       |       |    64 |       ||    64
Dodge: Dodged            |    63 |    48 |   101 |   211 |   491 |   334 |       ||  1248
Block: Large shield      |       |       |       |       |   617 |  1530 |       ||  2147

Vault maps used:
D:1:      onia_arrival_larder, nrook_uturn
D:2:      okawaru_trees_1, first_bread, serial_forest,
          infiniplex_forest_clump_long, infiniplex_forest_clump_large,
          infiniplex_forest_straight_1, infiniplex_forest_end_double,
          infiniplex_forest_straight_3, infiniplex_forest_lined_corner,
          infiniplex_forest_straight_3
D:3:      grunt_temple_overflow_lords_of_destruction, minmay_cut_off
D:4:      lemuel_coloured_pillars_altar, nicolae_ru_sacrificial_ziggurat,
          lemuel_round_altar, elyvilon_altar_4, serial_shops, shop, st_stairs_4,
          minmay_misc_feat_enclosed, kennysheep_generic_room_9
D:5:      minmay_temple_entry_large_hall,
          nicolae_dithmenos_through_a_glass_darkly
D:6:      fedhas_altar_1
D:7:      nicolae_tso_swordbearing_angel, uniq_duvessa
D:8:      amethyst_overflow_temple_binary, grunt_pizzeria, uniq_joseph
D:9:      lemuel_crystal_altar, lightli_temple_of_fire,
          grunt_temple_overflow_open, dpeg_lair_monsters,
          eino_small_chamber_without_monster
D:10:     minmay_smoke_and_mirrors, special_room, uniq_josephine
D:11:     lab_entry_generic, hangedman_decor_peaks_small, st_stairs_3
D:12:     minmay_orc_entry_temple_small, uniq_azrael
D:14:     david_vaults_5, nicolae_trove_entry_diagonal
D:15:     grunt_enter_depths_hoard
Lair:1:   grunt_forest_small_clearings
Lair:2:   forest_entry_grove
Lair:3:   gammafunk_lair_enchanted_lake, grunt_megastairs_2,
          serial_bayou_shore_a
Lair:4:   minmay_snake_entry_guardpost_medium, kilobyte_rumbling_trees,
          lemuel_fruit_fields
Lair:5:   ice2_lemuel
Lair:6:   elwin_shoals_entry_stream, nicolae_slime_entry_slimehenge, pond,
          lemuel_fruit_fields, serial_bayou_shore_b
Lair:7:   serial_bayou_lagoon_a, bh_autumn_forest_stairs, uniq_nessos
Lair:8:   wormcave, serial_bayou, serial_bayou_lake_a, serial_bayou_pond_b,
          serial_bayou_pond_a, serial_bayou_lagoon_b, special_room,
          lemuel_old_faithful
Snake:3:  kennysheep_snake, portal_ice_cave_demonic_guard, uniq_vashnia
Snake:4:  minmay_snake_end_coiled, serial_bayou, serial_bayou_pond_a,
          serial_bayou_pond_e, serial_bayou_pond_d, serial_bayou_crossing,
          basic_altar, st_stairs_4, corexii_hall_statues_x,
          nicolae_snake_springs, uniq_aizul
Orc:1:    serial_shops, shop
Orc:2:    st_orc_ogre_mass, mines4_lemuel
Vaults:1: v_misc_26, vaults_room_corners, v_misc_15, hangedman_vaults_capsules,
          vaults_room_pools, nicolae_vaults_shelves_hall, vaults_room_grid,
          vaults_room_grunt_arrival_checkpoint, vaults_room_stairs_pillars
Vaults:2: vaults_mumra_hexcomb, vaults_room_grid, v_pattern_5,
          ontoclasm_vaults_hangar, vaults_room_pools, hangedman_vaults_maws,
          v_rooms_2, v_rooms_4, nicolae_vaults_alarming, nicolae_vaults_meeting,
          vaults_room_stairs_pillars
Depths:1: enter_ziggurat_e, roderic_lattice_octagonal_star,
          hangedman_geh_valley, lightli_corner_chamber

Table legend:
 A = Turns spent in this place as a percentage of turns spent in the entire game.
 B = Non-inter-level travel turns spent in this place as a percentage of non-inter-level travel turns spent in the entire game.
 C = Inter-level travel turns spent in this place as a percentage of turns spent in this place.
 D = Turns resting spent in this place as a percentage of non-inter-level travel turns spent in this place.
 E = Turns spent auto-exploring this place as a percentage of non-inter-level travel turns spent in this place.
 F = Non-inter-level travel turns spent in this place divided by the number of levels of this place that you've seen.
                   A       B       C       D       E      F
               +-------+-------+-------+-------+-------+----------------------
         Total | 100.0 | 100.0 |   0.4 |   2.0 |   8.8 | 539.7
       Dungeon |  34.6 |  34.5 |   0.6 |   2.2 |  11.4 | 397.6
          Lair |  29.8 |  29.7 |   0.5 |   1.4 |  10.3 | 642.1
     Snake Pit |  22.2 |  22.3 |   0.1 |   3.3 |   4.1 | 963.0
  Orcish Mines |   5.2 |   5.2 |   0.3 |   1.3 |  10.3 | 447.0
        Vaults |   6.0 |   6.0 |   0.1 |   0.0 |   5.9 | 518.5
        Depths |   2.2 |   2.2 |   0.0 |   1.0 |   1.6 | 387.0
               +-------+-------+-------+-------+-------+----------------------

Table legend:
 A = Kills in this place as a percentage of kills in entire the game.
 B = Kills by you in this place as a percentage of kills by you in the entire game.
 C = Kills by friends in this place as a percentage of kills by friends in the entire game.
 D = Other kills in this place as a percentage of other kills in the entire game.
 E = Experience gained in this place as a percentage of experience gained in the entire game.
 F = Experience gained in this place divided by the number of levels of this place that you have seen.
                   A       B       C       D       E      F
               +-------+-------+-------+-------+-------+----------------------
         Total | 100.0 | 100.0 | 100.0 | 100.0 | 100.0 | 11793.3
       Dungeon |  31.9 |  33.3 |   4.8 |   0.0 |  16.0 | 4027.3
          Lair |  29.0 |  28.3 |  44.4 |   0.0 |  20.2 | 9511.8
     Snake Pit |  20.3 |  19.6 |  34.9 |   0.0 |  38.0 | 35849.8
  Orcish Mines |   7.8 |   7.6 |  12.7 |   0.0 |   4.3 | 8051.5
        Vaults |   7.1 |   7.2 |   3.2 | 100.0 |  15.0 | 28283.0
        Depths |   3.8 |   4.0 |   0.0 |   0.0 |   6.6 | 24814.0
               +-------+-------+-------+-------+-------+----------------------
